[Event "Late-Titled-Tuesday-Blitz-June-18-2024"]
[Site "Chess.com"]
[Date "2024.06.18"]
[Round "10"]
[White "DryCounty"]
[Black "Byniolus"]
[Result "0-1"]
[WhiteElo "2667"]
[BlackElo "2768"]
[TimeControl "180+1"]
[EndTime "15:56:28 PDT"]
[Termination "Byniolus won on time"]

1. e4 d6 2. d4 Nf6 3. Bd3 e5 4. c3 d5 5. dxe5 dxe4 6. exf6 Qxd3 7. Qxd3 exd3 8. fxg7 Bxg7 9. Nf3 O-O 10. Be3 Bf5 11. Nbd2 Nd7 12. O-O c5 13. Nc4 Be6 14. Nd6 b6 15. Ng5 Rad8 16. Rfd1 Ne5 17. Nxe6 fxe6 18. Ne4 Nc4 19. Bg5 Rd5 20. b3 Nb2 21. Rd2 Rxg5 22.
Nxg5 Bxc3 23. Rxb2 Bxb2 24. Rd1 d2 25. Kf1 b5 26.
Nxe6 c4 27. bxc4 bxc4 28. Rxd2 c3 29. Rc2 Rf6 30. Nc5 Kf7 31. Nd3 Rb6 32. Ke2 Ke6 33.
Ke3 Kd5 34. Nf4+ Kc4 35. g4 Ra6 36. h4 Rxa2 37. g5 Ra1 38. Ne2 Kb3 39. Nd4+ Kc4 40. Ne2 a5 41. h5 Rh1 42. Ng3 Rh4 43. f4 a4 44. Nf5 Rh3+ 45. Ke4 a3 46. Nd6+ Kb3 47.
Re2 a2 48. Re1 a1=Q 49. Rxa1 Bxa1 50. Nb5 c2 51. Nd4+ Bxd4 0-1

[Event "Late-Titled-Tuesday-Blitz-June-18-2024"]
[Site "Chess.com"]
[Date "2024.06.18"]
[Round "10"]
[White "KNVB"]
[Black "JunjiCol"]
[Result "1-0"]
[WhiteElo "2763"]
[BlackElo "2360"]
[TimeControl "180+1"]
[EndTime "15:56:34 PDT"]
[Termination "KNVB won by resignation"]

1. e4 e5 2. Nf3 d5 3. Nc3 dxe4 4. Nxe5 Qd4 5. f4 Bc5 6. Qe2 Nf6 7. d3 O-O 8. Nxe4 Nxe4 9. dxe4 Nc6 10. c3 Qd6 11. Nxc6 Qxc6 12. Be3 Bg4 13. Qxg4 Qxe4 14.
Qf3 Qxf3 15. gxf3 Bxe3 16. Bd3 Rfe8 17. f5 Bc1+ 18. Kd1 Bxb2 19. Rb1 Bxc3 20. Rxb7 Ba5 21.
Rb5 Bb6 22. Kc2 Re3 23. Be4 Rd8 24. Rd5 Rxd5 25. Bxd5 Re2+ 26. Kd3 Re3+ 27. Kd2 Re5 28. Be4 Ra5 29. Bb1 Ra3 30. Rf1 g6 31. fxg6 hxg6 32. Kc2 Kg7 33. Kb2 Re3 34. Rf2 Re1 35. Rg2 Rf1 36. Be4 f5 37. Bc6 Kf6 38. Be8 g5 39. Bc6 Bd4+ 40. Kc2 Ra1 41. Kb3 Rb1+ 42. Kc4 Be5 43. Rc2 Rh1 44. f4 Bxf4 45. Bxh1 g4 46. Rf2 Kg5 47. Bd5 Be3 48. Rg2 f4 49. Bf3 Kh4 50.
Rxg4+ Kh3 51. Rg7 Kxh2 52. a4 Kh3 53. Kb5 Bb6 54. a5 Bf2 55. Rxc7 Kg3 56. Be4 Be3 57. Rf7 Kg4 58. a6 Kg3 59. Kc6 Kg4 60. Kb7 Kg3 61.
Ka8 f3 62. Rxf3+ 1-0

[Event "Late-Titled-Tuesday-Blitz-June-18-2024"]
[Site "Chess.com"]
[Date "2024.06.18"]
[Round "10"]
[White "VaglioSagan"]
[Black "Lupul_Cenusiu"]
[Result "0-1"]
[WhiteElo "2521"]
[BlackElo "2672"]
[TimeControl "180+1"]
[EndTime "15:56:36 PDT"]
[Termination "Lupul_Cenusiu won by resignation"]

1. d4 Nf6 2. Nf3 g6 3. e3 Bg7 4. b3 c5 5. Bb2 Ne4 6. c4 d5 7.
Nbd2 cxd4 8. exd4 Nc6 9. Be2 O-O 10. O-O Bg4 11. cxd5 Nxd2 12. Qxd2 Qxd5 13. h3 Bf5 14. Bc4 Qd6 15. Rfe1 Nb4 16. g4 Bd7 17. a3 Nd5 18. Ne5 Be6 19. b4 Rac8 20. Rac1 Rfd8 21.
f4 a6 22. Qf2 b5 23. Bd3 Bh6 24. f5 Bxc1 25. Bxc1 f6 26. fxg6 fxe5 27. gxh7+ Kh8 28.
Rxe5 Rf8 29. Qe1 Bd7 30. Bg5 Nf6 31. Be3 Bc6 32. g5 Nd7 33. Bf2 Nxe5 34. Qxe5+ Qxe5 35. dxe5 Rcd8 36. Bc2 e6 37. Bg6 Rxf2 38. Kxf2 Rd2+ 39. Ke3 Rd5 40. Kf4 Rd4+ 41. Kg3 Rd3+ 42. Kg4 Rd4+ 43. Kg3 Rd5 44. Kf4 Rd2 45. h4 Ra2 46. h5 Rxa3 47.
Bc2 Rc3 48. Bb1 Rc4+ 49. Kg3 Rxb4 50. Bc2 Be4 51. Bxe4 Rxe4 52. g6 Rxe5 53. Kf4 Rxh5 54. Kg4 Rc5 55. Kf4 Kg7 0-1

[Event "Late-Titled-Tuesday-Blitz-June-18-2024"]
[Site "Chess.com"]
[Date "2024.06.18"]
[Round "10"]
[White "rionelG"]
[Black "safikiet"]
[Result "1/2-1/2"]
[WhiteElo "2363"]
[BlackElo "2453"]
[TimeControl "180+1"]
[EndTime "15:56:37 PDT"]
[Termination "Game drawn by repetition"]

1. e4 e5 2. Nf3 Nc6 3. d4 exd4 4. Nxd4 Bb4+ 5. c3 Bc5 6. Be3 Bb6 7. Nf5 g6 8. Bxb6 axb6 9. Ne3 Nf6 10. f3 Qe7 11.
c4 O-O 12. Nc3 Qb4 13. Qd2 Ne5 14. Ncd5 Nxd5 15. Nxd5 Qd6 16. Be2 f5 17. exf5 Rxf5 18. Ne3 Qxd2+ 19. Kxd2 Rf7 20. Rhf1 d6 21. f4 Nc6 22.
Bf3 Be6 23. Bd5 Bxd5 24. Nxd5 Kf8 25. Rfe1 Nd4 26. Kc3 Nf5 27. a4 Rc8 28. b3 Ne7 29. Nxe7 Rxe7 30. Rxe7 Kxe7 31. Re1+ Kd7 32. Kd4 Rf8 33.
g3 Rf5 34. h4 c6 35. Rd1 h5 36. Ke4 Ke6 37. Kf3 b5 38. axb5 cxb5 39. g4 hxg4+ 40. Kxg4 bxc4 41. bxc4 Rc5 42. Re1+ Kf6 43. Re4 b5 44.
cxb5 Rxb5 45. Re8 Rh5 46. Rf8+ Ke7 47. Rg8 Kf7 48. Rd8 Ke7 49. Rg8 Kf7 50. Rb8 Ke7 51. Rb6 Ke6 52. Rb1 Rc5 53. Rh1 Kf6 54. Re1 Rc2 55.
Re8 Rg2+ 56. Kf3 Rh2 57. Kg3 Rd2 58. Kg4 Rg2+ 59. Kf3 Rh2 60. Kg3 Rd2 61. Kg4 Rg2+ 1/2-1/2

[Event "Late-Titled-Tuesday-Blitz-June-18-2024"]
[Site "Chess.com"]
[Date "2024.06.18"]
[Round "10"]
[White "MarceloPlaya"]
[Black "Chaubunagungamaug1"]
[Result "0-1"]
[WhiteElo "2410"]
[BlackElo "2474"]
[TimeControl "180+1"]
[EndTime "15:56:38 PDT"]
[Termination "Chaubunagungamaug1 won on time"]

1. e4 c5 2. Nf3 e6 3. Nc3 Nc6 4. d4 cxd4 5. Nxd4 Nf6 6. f3 Bb4 7. a3 Bxc3+ 8. bxc3 O-O 9. Bd3 d5 10. Nxc6 bxc6 11. O-O e5 12. Bg5 h6 13. Bh4 Be6 14. Qe2 Qb6+ 15. Kh1 Nd7 16. exd5 cxd5 17. c4 d4 18. Rab1 Qc7 19. f4 Rac8 20. f5 Bxc4 21. f6 g6 22. Qg4 Bxd3 23. cxd3 Rfd8 24. h3 Nc5 25. Rbc1 Qb7 26. Rb1 Qd5 27. Rbc1 Qb7 28. Rf3 Ne6 29. Rxc8 Rxc8 30. Bg3 h5 31. Qh4 Qd5 32.
Kh2 Rc3 33. Be1 Rxa3 34. Qg3 Rb3 35. Rf5 Rb5 36. Rxh5 Qd8 37. Rh6 Qxf6 38. Bd2 Qg7 39. h4 Rb8 40. h5 gxh5 41. Rxh5 Qxg3+ 42. Kxg3 Rb4 43. Kf3 Rb3 44. Ke2 Nf4+ 45. Kd1 Nxd3 46. Kc2 Ra3 47. Rh3 Nb4+ 48. Bxb4 Rxh3 49. gxh3 a6 50. Kd3 f6 51. Ke4 Kf7 52. h4 Ke6 53.
Ba3 f5+ 0-1

[Event "Late-Titled-Tuesday-Blitz-June-18-2024"]
[Site "Chess.com"]
[Date "2024.06.18"]
[Round "10"]
[White "Bala-Afiada"]
[Black "Navyblue1"]
[Result "1/2-1/2"]
[WhiteElo "2067"]
[BlackElo "2170"]
[TimeControl "180+1"]
[EndTime "15:56:39 PDT"]
[Termination "Game drawn by repetition"]

1. d4 Nf6 2. c4 g6 3. Nc3 Bg7 4. e4 d6 5. Nf3 O-O 6. Be2 Qe8 7. Be3 Ng4 8. Bg5 e5 9. d5 f5 10. h3 Nf6 11. Qc2 a5 12. Nb5 Na6 13. a3 Nxe4 14. h4 Nxg5 15. hxg5 Bd7 16. Nc3 Nc5 17. O-O-O a4 18. Kb1 Rb8 19. Rh2 Rf7 20. Rdh1 Bh8 21. Nh4 Re7 22. g4 fxg4 23. Nxg6 Qxg6 24.
Qxg6+ hxg6 25. Rxh8+ Kf7 26. R1h6 Bf5+ 27. Kc1 Rxh8 28.
Rxh8 Kg7 29. Rb8 e4 30. Nb5 Nb3+ 31. Kd1 b6 32. Rb7 e3 33. Rxc7 Rxc7 34. Nxc7 exf2 35. Ne6+ Bxe6 36. dxe6 g3 37. Bf1 Kf8 38. Ke2 Ke7 39. Kf3 Kxe6 40. Kxg3 Kf5 41. Kxf2 Kxg5 42. Bd3 Kf6 43. Ke3 g5 44. Kf3 Nc5 45. Bc2 Ke5 46.
Kg4 Kd4 47. Kxg5 Kxc4 48. Kf5 d5 49. Ke5 d4 50. Kf4 d3 51. Bd1 Kd4 52. Kf3 b5 53. Kf2 Ne4+ 54. Ke1 Nd6 55. Kd2 Nc4+ 56. Kc1 Ne3 57.
Bf3 Nc4 58. Bd1 Ke3 59. Bg4 Nd6 60. Kd1 Nc4 61. Kc1 Kd4 62. Kd1 Ke3 63. Kc1 1/2-1/2

[Event "Late-Titled-Tuesday-Blitz-June-18-2024"]
[Site "Chess.com"]
[Date "2024.06.18"]
[Round "10"]
[White "Casper"]
[Black "rikchessmx"]
[Result "1-0"]
[WhiteElo "2493"]
[BlackElo "2312"]
[TimeControl "180+1"]
[EndTime "15:56:40 PDT"]
[Termination "Casper won by resignation"]

1. e4 c5 2. d4 cxd4 3. Bc4 e6 4.
Nf3 a6 5. Nxd4 b5 6. Bd3 Bb7 7. a4 b4 8. O-O Qc7 9. Nd2 Nf6 10.
Re1 Bc5 11. N2f3 d6 12. Bg5 Nbd7 13. h3 h6 14. Be3 O-O 15. Qd2 Ne5 16. Nxe5 dxe5 17.
Nb3 Bxe3 18. Qxe3 Rfc8 19. Rad1 a5 20. f3 Ba6 21. Re2 Nh5 22. Red2 Bxd3 23. Qxd3 Nf4 24. Qb5 Qe7 25. Qxe5 Ng6 26. Qb5 Qg5 27. Qxg5 hxg5 28. Kf2 Ne5 29. c3 bxc3 30. bxc3 Rxc3 31. Rd8+ Rxd8 32.
Rxd8+ Kh7 33. Nxa5 Ra3 34. Rd4 Nd3+ 35. Kf1 Nc5 36.
Nc6 Rxa4 37. Rd8 Nd3 38. Rxd3 Ra6 39. Ne5 f6 40. Ng4 Kg6 41. Kf2 f5 42. Ne5+ Kf6 43.
Nd7+ Kg6 44. e5 Ra2+ 45. Kg1 Re2 46. Rd6 Kf7 47. Kf1 Ra2 48. Nc5 Ra1+ 49. Kf2 Ra2+ 50. Kg1 Re2 51. Rxe6 g4 52. hxg4 fxg4 53. f4 g3 54. Kf1 Rc2 55. Rc6 Rf2+ 56. Kg1 Rc2 57.
Kf1 Rf2+ 58. Ke1 Rxg2 59. Ne4 Ra2 60. Nxg3 g5 61. f5 Ra5 62. Re6 Ra4 63. Kf2 Rf4+ 64.
Kg2 Rxf5 65. Ra6 Rf4 66. Rb6 Ke7 67. Rg6 g4 68. Ra6 Rb4 69. Rc6 Ra4 70. Rh6 Rf4 71. Kg1 Rf3 72. Kg2 Re3 73. Nf5+ 1-0

[Event "Late-Titled-Tuesday-Blitz-June-18-2024"]
[Site "Chess.com"]
[Date "2024.06.18"]
[Round "10"]
[White "Pelusiansky"]
[Black "slidingknight2775"]
[Result "0-1"]
[WhiteElo "2582"]
[BlackElo "2716"]
[TimeControl "180+1"]
[EndTime "15:56:41 PDT"]
[Termination "slidingknight2775 won on time"]

1. c4 e6 2. d4 d5 3. Nc3 a6 4.
e4 dxe4 5. Nxe4 Bb4+ 6. Nc3 c5 7. Nf3 Nf6 8. a3 Ba5 9. Be3 O-O 10. dxc5 Bxc3+ 11. bxc3 Qa5 12. Qb3 Ng4 13. Qb4 Qc7 14.
Qb6 Qxb6 15. cxb6 Nxe3 16. fxe3 Nd7 17. Rb1 Nc5 18. Be2 f6 19. O-O e5 20. Ne1 Be6 21.
Nc2 Ne4 22. Bf3 Nd2 23. Bxb7 Rab8 24. Bxa6 Nxf1 25. Kxf1 Bf5 26. c5 Bxc2 27. Rb4 Ra8 28. Bc4+ Kh8 29. Bd5 Rxa3 30. b7 h5 31. b8=Q Rxb8 32.
Rxb8+ Kh7 33. c6 Rxc3 34. Rb2 Ba4 35. Rb6 g6 36. Ke2 Rc5 37. e4 f5 38. Kd3 Bb5+ 39.
Ke3 f4+ 40. Kd2 Kh6 41. c7 Bd7 42. Bf7 Rxc7 43. Bxg6 Kg5 44. Bf5 Bxf5 45. h4+ Kxh4 46. exf5 Kg5 47. f6 Rf7 48. Kd3 Rxf6 49. Rb5 Kf5 50. Ra5 Rg6 51. Ra2 h4 52. Rf2 Rg3+ 53.
Ke2 h3 54. gxh3 Rxh3 55. Rf3 Rxf3 56. Kxf3 e4+ 0-1

[Event "Late-Titled-Tuesday-Blitz-June-18-2024"]
[Site "Chess.com"]
[Date "2024.06.18"]
[Round "10"]
[White "DanielNaroditsky"]
[Black "OparinGrigoriy"]
[Result "0-1"]
[WhiteElo "3130"]
[BlackElo "3034"]
[TimeControl "180+1"]
[EndTime "15:56:44 PDT"]
[Termination "OparinGrigoriy won on time"]

1. e4 c6 2. d4 d5 3. e5 c5 4. Nf3 cxd4 5. Nxd4 Nc6 6. Nxc6 bxc6 7. Bd3 e6 8. O-O Ne7 9. Nd2 a5 10. Qe2 Ng6 11.
Nf3 Be7 12. Re1 O-O 13. c4 Ba6 14. b3 a4 15. Bd2 Qb6 16. Rab1 axb3 17. axb3 Rfd8 18.
h4 h6 19. h5 Nf8 20. Be3 Qc7 21. Rbc1 Qb7 22. Nd4 c5 23. Nb5 Rac8 24. Qg4 Kh8 25. Bf1 d4 26. Bd2 d3 27. Re3 Bxb5 28. Rg3 g5 29.
hxg6 Nxg6 30. Qh5 Be8 31. Qxh6+ Kg8 32. Rh3 Bh4 33. Rxh4 Nxh4 34. Qxh4 f5 35. exf6 Qh7 36. Qg5+ Qg6 37. Qe5 Qf5 38. Qg3+ Bg6 39. Re1 Rd7 40.
Qh4 Rh7 41. Qg5 Qxg5 42. Bxg5 Kf7 43. f3 Rh5 44. f4 Rhh8 45. Kf2 Rhd8 46. Rd1 Ra8 47. Ke3 Ra3 48. g4 Rxb3 49. Rd2 Rc3 50. Bh3 Rxc4 51. Bg2 Rc1 52. Rb2 Re1+ 53. Kf2 Re2+ 54.
Rxe2 dxe2 55. Kxe2 c4 56. f5 exf5 57. gxf5 Bxf5 58.
Bd2 Rd3 59. Bd5+ Rxd5 0-1

[Event "Late-Titled-Tuesday-Blitz-June-18-2024"]
[Site "Chess.com"]
[Date "2024.06.18"]
[Round "10"]
[White "TigrVShlyape"]
[Black "Polish_fighter3000"]
[Result "1/2-1/2"]
[WhiteElo "3013"]
[BlackElo "3091"]
[TimeControl "180+1"]
[EndTime "15:56:45 PDT"]
[Termination "Game drawn by repetition"]

1. d4 d5 2. Bf4 c5 3. e3 Nc6 4. c3 Bf5 5. Nd2 e6 6. Ngf3 a6 7. Be2 f6 8. h3 g5 9. Bg3 h5 10. dxc5 h4 11. Bh2 Bxc5 12. Nb3 Ba7 13. Nbd4 Nge7 14.
Nxf5 exf5 15. Nd4 Qd7 16. Bh5+ Kf8 17. Be2 Rd8 18. Qd2 Kg7 19. O-O-O Nxd4 20. cxd4 Bb8 21. Bxb8 Rxb8 22. Kb1 Rbc8 23. Qb4 Rc7 24. Rc1 Rhc8 25. Rxc7 Qxc7 26. Bd3 a5 27. Qd2 b6 28. Ba6 Ra8 29.
Rc1 Qh2 30. Bf1 Ra7 31. Qc2 Kf7 32. Qe2 Rc7 33. Rxc7 Qxc7 34. Qf3 Qh2 35. Bd3 Qg1+ 36. Kc2 Ke6 37. a3 Qe1 38. Qe2 Qa1 39. Qd1 Qxd1+ 40. Kxd1 Nc8 41. Ke2 Nd6 42. g3 b5 43. gxh4 gxh4 44.
b3 b4 45. axb4 axb4 46. Kf3 Ne8 47. Kf4 Ng7 48. Be2 Kf7 49. Ba6 Kg6 50. Bc8 Nh5+ 51.
Kf3 Ng7 52. Bb7 Ne6 53. Bxd5 Ng5+ 54. Kg2 Kg7 55. f4 Ne4 56. Kf3 Nd6 57. Ke2 Kf8 58.
Be6 Ke7 59. d5 Kd8 60. Kd3 Kc7 61. Kd4 Kb6 62. Bd7 Kc7 63. Be6 Kb6 64. Bd7 Kc7 65. Be6 1/2-1/2

[Event "Late-Titled-Tuesday-Blitz-June-18-2024"]
[Site "Chess.com"]
[Date "2024.06.18"]
[Round "10"]
[White "Millerkallpa"]
[Black "shirovin"]
[Result "0-1"]
[WhiteElo "2176"]
[BlackElo "2106"]
[TimeControl "180+1"]
[EndTime "15:56:45 PDT"]
[Termination "shirovin won on time"]

1. e4 c5 2. Nf3 d6 3. d4 cxd4 4. Nxd4 Nf6 5. Nc3 a6 6. Be2 e5 7. Nb3 Be7 8. O-O O-O 9. Be3 Be6 10. Bf3 b5 11. a4 b4 12. Nd5 Nxd5 13. exd5 Bf5 14. a5 Nd7 15. Rc1 Rc8 16. Qe2 Ra8 17. Rfd1 Bg6 18. Bh5 Bxh5 19. Qxh5 f5 20. f4 Bf6 21. c4 bxc3 22. bxc3 Rb8 23. Rb1 exf4 24. Bxf4 Ne5 25. Qxf5 Kh8 26. Nd4 Qxa5 27. Ne6 Rfe8 28. Bg5 Bxg5 29. Qxg5 Ng6 30. Rxb8 Rxb8 31. Qd2 Rc8 32.
Rc1 Qb6+ 33. Kh1 a5 34. Qd4 Qxd4 35. Nxd4 Ne5 36. Nb5 a4 37. Nxd6 Rd8 38. Nb7 Rxd5 39. c4 Rd2 40. c5 Nd3 41. Rf1 h5 42. h3 Rb2 43. Nd6 Nxc5 44. Nc4 Rb4 45. Na3 Rb3 46.
Nc4 a3 47. Ra1 Nd3 48. Nxa3 Nf2+ 49. Kh2 Ne4 50. Nc4 Rc3 51. Ne5 Rc7 52. Nf3 Kh7 53.
Ra5 Kh6 54. Ra6+ Nf6 55. Ne5 Kh7 56. Rd6 h4 0-1

[Event "Late-Titled-Tuesday-Blitz-June-18-2024"]
[Site "Chess.com"]
[Date "2024.06.18"]
[Round "10"]
[White "scandalgod"]
[Black "Cxrjs"]
[Result "1-0"]
[WhiteElo "2629"]
[BlackElo "2517"]
[TimeControl "180+1"]
[EndTime "15:56:49 PDT"]
[Termination "scandalgod won on time"]

1. d4 Nf6 2. c4 e6 3. g3 d5 4. Nf3 Be7 5. Bg2 c6 6. O-O O-O 7. Nc3 a5 8. Qd3 b6 9. e4 dxc4 10.
Qxc4 Ba6 11. Qb3 Bxf1 12. Bxf1 Nbd7 13. Bf4 a4 14. Qc2 c5 15. Rd1 Qc8 16. d5 exd5 17. e5 Nh5 18. Nxd5 Re8 19. Be3 Bf8 20. Bh3 Qb7 21.
Bg4 Nxe5 22. Bxh5 Rad8 23. Ng5 g6 24. Nf6+ Kh8 25. Nxe8 Rxe8 26. Be2 Bg7 27. Bf4 h6 28. Qxa4 Nc6 29. Ba6 Qa8 30. Ne4 Nd4 31. Nc3 Nf3+ 32. Kf1 Nxh2+ 33. Kg1 Nf3+ 34. Kh1 Nd4+ 35. Kh2 Nf3+ 36. Kh3 Nd4 37. Qd7 Rd8 38. Qc7 Re8 39. Qxf7 Rf8 40. Qxg6 Qxa6 41. Bxh6 Qc8+ 42. Kg2 Qb7+ 43.
Kh2 Nf3+ 44. Kh3 Ne5 45. Bxg7+ Qxg7 46. Qxg7+ Kxg7 47. Rd6 Nc4 48. Rd7+ Kg6 49. b3 Ne5 50. f4 Nxd7 51. Nd5 Nf6 52. Ne7+ Kf7 53. Nc6 Ra8 54. Ne5+ Ke6 55. a4 Ne4 56. Nc4 1-0

[Event "Late-Titled-Tuesday-Blitz-June-18-2024"]
[Site "Chess.com"]
[Date "2024.06.18"]
[Round "10"]
[White "BerlinDrawer"]
[Black "edgarhay012"]
[Result "0-1"]
[WhiteElo "2595"]
[BlackElo "2730"]
[TimeControl "180+1"]
[EndTime "15:56:51 PDT"]
[Termination "edgarhay012 won by resignation"]

1. d4 Nf6 2. Nf3 e6 3. c4 d5 4. g3 c5 5. cxd5 exd5 6. Bg2 Nc6 7. O-O c4 8. Nc3 Be7 9. Ne5 O-O 10. b3 cxb3 11.
axb3 Bf5 12. Ba3 Bxa3 13. Rxa3 Qe7 14. Ra4 Nb4 15. Qd2 a5 16. Rfa1 b6 17. Na2 Nxa2 18. R4xa2 Rac8 19. e3 h6 20. Bf3 Rc7 21. Rc1 Rfc8 22.
Raa1 Ne4 23. Bxe4 Bxe4 24. Rxc7 Qxc7 25. f3 Bf5 26. b4 f6 27. Ng4 Ra8 28. bxa5 bxa5 29.
Nf2 a4 30. Nd1 Qc4 31. Nc3 a3 32. Qa2 Bd3 33. Qxc4 Bxc4 34. Kf2 a2 35. Ke1 h5 36. Kd2 g5 37. Kc2 Kf7 38. e4 Ke6 39. Kb2 Rb8+ 40.
Kc2 Bb3+ 41. Kc1 dxe4 42. fxe4 f5 43. exf5+ Kxf5 44. Kd2 Bc4 45. Kc2 Rc8 46. Kd2 Rd8 47. Kc2 Rxd4 48. Nxa2 h4 49. Nc3 Kg4 50. Rg1 h3 51.
Re1 Kf3 52. Rd1 Rxd1 53. Nxd1 Kg2 54. Ne3+ Kxh2 55. Nxc4 Kxg3 56. Ne3 h2 57. Nf1+ Kg2 58. Ne3+ Kg1 0-1

[Event "Late-Titled-Tuesday-Blitz-June-18-2024"]
[Site "Chess.com"]
[Date "2024.06.18"]
[Round "10"]
[White "ellatambien"]
[Black "GlavkonVVS"]
[Result "1-0"]
[WhiteElo "2704"]
[BlackElo "2530"]
[TimeControl "180+1"]
[EndTime "15:56:51 PDT"]
[Termination "ellatambien won by resignation"]

1. Nf3 Nf6 2. g3 c5 3. c4 Nc6 4. Bg2 d6 5. b3 e6 6. Bb2 Be7 7. O-O O-O 8. d4 cxd4 9. Nxd4 Bd7 10. Nc3 a6 11. Qd2 Rc8 12. Rfe1 Qa5 13. Rad1 Nxd4 14. Qxd4 b5 15. cxb5 axb5 16. a3 d5 17. b4 Qa6 18.
Qd3 Rc4 19. e4 d4 20. Nb1 e5 21.
Nd2 Rfc8 22. f4 Ng4 23. h3 Ne3 24. Rxe3 dxe3 25. Nxc4 bxc4 26. Qxe3 Ba4 27. Rc1 exf4 28. gxf4 Bb3 29. e5 Bf8 30. f5 Rd8 31. e6 Rd3 32. Qe4 Qd6 33. Be5 Qb6+ 34. Kh2 fxe6 35. f6 Re3 36. f7+ Kxf7 37. Qf4+ Kg8 38. Bc7 Qa7 39.
Rf1 h6 40. Qxf8+ Kh7 41. Bf4 Re2 42. Bg3 c3 43. Qf3 Qe3 44. Qxe3 Rxe3 45. Rc1 Re2 46. Kg1 c2 47. Bf3 Rd2 48. Bf4 Rd1+ 49. Kf2 Rd4 50.
Be3 Rh4 51. Bg2 Rc4 52. Ke2 e5 53. Kd2 Kg6 54. Bf1 Rc8 55. Bd3+ Kf6 56. Bxc2 Bxc2 57. Rxc2 Rd8+ 58. Ke2 Kf5 59. Ra2 Ke4 60. Rc2 Rd3 61.
Rc4+ Rd4 62. Bxd4 exd4 63. Kd2 1-0

[Event "Late-Titled-Tuesday-Blitz-June-18-2024"]
[Site "Chess.com"]
[Date "2024.06.18"]
[Round "10"]
[White "GHANDEEVAM2003"]
[Black "ZverevLev"]
[Result "0-1"]
[WhiteElo "2978"]
[BlackElo "2779"]
[TimeControl "180+1"]
[EndTime "15:56:54 PDT"]
[Termination "ZverevLev won by resignation"]

1. e4 e5 2. Nf3 Nc6 3. Bc4 Bc5 4.
c3 Nf6 5. d3 d6 6. O-O a6 7. Re1 Ba7 8. a4 O-O 9. h3 h6 10. Nbd2 Re8 11. b4 Be6 12. Qc2 d5 13. exd5 Bxd5 14. Rb1 Bxc4 15. Nxc4 Qd5 16. b5 e4 17. dxe4 Qxc4 18. bxc6 Qxc6 19. e5 Nd5 20. c4 Nb6 21. Re4 Nxa4 22. Rg4 b5 23. Rb3 Rad8 24. Nh4 Rd4 25. Rbg3 Rxg4 26. Rxg4 h5 27. Rg3 Qxc4 28.
Qxc4 bxc4 29. Nf5 Rxe5 30. Rxg7+ Kh8 31. Rxf7 Re1+ 32. Kh2 Rxc1 33. Kg3 c3 34. Kh4 Re1 35. Kxh5 Re8 36. Ne7 c2 37. Kg6 Rg8+ 38. Nxg8 c1=Q 39.
Nf6 Qc2+ 40. Kh6 Qd2+ 41. Kg6 Qd3+ 42. Kh6 Bc5 43. g4 Qd2+ 44. g5 Qd3 45. h4 Bd6 46. h5 Qc2 47. f4 Nc5 48. f5 Qxf5 49. Rh7+ Qxh7+ 50. Nxh7 Ne6 51. Nf6 Bf4 52. Ne4 Nxg5 53. Nxg5 Bxg5+ 54. Kxg5 a5 55. Kf4 a4 56. Ke3 a3 57. Kd2 a2 0-1

[Event "Late-Titled-Tuesday-Blitz-June-18-2024"]
[Site "Chess.com"]
[Date "2024.06.18"]
[Round "10"]
[White "wonderfultime"]
[Black "mishanick"]
[Result "1-0"]
[WhiteElo "3062"]
[BlackElo "3156"]
[TimeControl "180+1"]
[EndTime "15:56:55 PDT"]
[Termination "wonderfultime won by checkmate"]

1. d4 Nf6 2. Nf3 d5 3. Bf4 c5 4. c3 e6 5. e3 Bd6 6. Nbd2 O-O 7. Bd3 Bxf4 8. exf4 cxd4 9. Nxd4 Qb6 10. Rb1 Qd6 11. g3 e5 12. fxe5 Qxe5+ 13. Qe2 Qc7 14. O-O Nc6 15. Nxc6 bxc6 16. Rfe1 Bg4 17. Qe3 c5 18. b4 Rfc8 19. Ba6 d4 20. cxd4 Re8 21. Qd3 Rxe1+ 22. Rxe1 cxb4 23. Ne4 Qb6 24. Nxf6+ Qxf6 25. Qe4 Rf8 26. Bd3 Qg6 27. Qe3 Bf5 28. Bc4 h6 29. d5 Rc8 30. Bb3 a5 31. Qe7 Qf6 32. d6 Rd8 33. Bxf7+ Kh7 34. Qxf6 gxf6 35. Rd1 Bc2 36.
Rd4 Kg7 37. Be6 f5 38. Bc4 Kf6 39. Bb5 Ke5 40. Rd2 b3 41. axb3 Bxb3 42. d7 a4 43. f4+ Ke6 44. Rd3 Ke7 45. Kf2 Ke6 46. Ke3 Ke7 47. Kd2 Rb8 48. Re3+ Kf7 49. Re8 Rxb5 50. d8=Q Rd5+ 51. Qxd5+ Bxd5 52. Re5 Be4 53. Ra5 Kg6 54.
Ke3 Kh5 55. h3 Bc2 56. g4+ Kg6 57. Ra6+ Kg7 58. g5 hxg5 59. fxg5 Kh7 60. Kf4 Bd3 61. Rxa4 Kg6 62. Ra3 Bc4 63. Rc3 Bd5 64. Rc5 Be4 65. Re5 Kh5 66. Re6 Kh4 67. Rh6# 1-0

[Event "Late-Titled-Tuesday-Blitz-June-18-2024"]
[Site "Chess.com"]
[Date "2024.06.18"]
[Round "10"]
[White "dosto07"]
[Black "ALRS-SPS"]
[Result "0-1"]
[WhiteElo "2591"]
[BlackElo "2451"]
[TimeControl "180+1"]
[EndTime "15:56:56 PDT"]
[Termination "ALRS-SPS won on time"]

1. e4 e5 2. Nf3 Nc6 3. Bb5 a6 4. Ba4 Nf6 5. O-O b5 6. Bb3 Be7 7. d3 O-O 8. a4 Bb7 9. Nc3 b4 10.
Nd5 d6 11. a5 Nxd5 12. exd5 Nb8 13. Re1 c5 14. dxc6 Nxc6 15. Bd5 Rb8 16. d4 exd4 17.
Nxd4 Nxa5 18. Bxb7 Rxb7 19. Nf5 Bf6 20. Qd3 Nc6 21. Rxa6 Rb6 22. Rxb6 Qxb6 23. Qxd6 Rd8 24. Qg3 Kh8 25. Bg5 Nd4 26. Nxd4 Qxd4 27. Bxf6 Qxf6 28. Qe3 h6 29. c3 bxc3 30. bxc3 Rc8 31. Rc1 Rc4 32.
g3 Qc6 33. Qd3 Qc7 34. h4 Kg8 35. Rc2 Qc8 36. Kg2 Qc7 37. Qf3 Qc8 38. Qd3 Qc6+ 39. Kh2 Qc7 40. Re2 Qc8 41. Re3 Kh8 42. Kg2 Kg8 43.
Kf1 Kh8 44. Kg2 Kg8 45. Qe2 Kh7 46. Qc2+ g6 47. Qd2 Kg7 48. Qe1 Qc6+ 49. Kg1 Qc8 50. Qd2 Qc6 51. Qb2 Qc7 52. Qd2 Qc6 53. Kh2 Qc7 54. Rd3 Qc6 55. Qe3 Qc7 56. Qf3 Qc8 57.
Qe3 Qc7 58. Qd2 Qc8 59. Rd8 Qc7 60. Rd7 Qc6 61. Rd6 Qc7 62. Qf4 Rxf4 0-1

[Event "Late-Titled-Tuesday-Blitz-June-18-2024"]
[Site "Chess.com"]
[Date "2024.06.18"]
[Round "10"]
[White "CheckBits"]
[Black "kalxandria"]
[Result "0-1"]
[WhiteElo "2376"]
[BlackElo "2259"]
[TimeControl "180+1"]
[EndTime "15:56:57 PDT"]
[Termination "kalxandria won by checkmate"]

1. g3 d5 2. Bg2 Nf6 3. Nf3 Bg4 4. O-O e6 5. b3 Nbd7 6. Bb2 c6 7. h3 Bf5 8. d3 h6 9. Nbd2 Bc5 10. Qe1 O-O 11. e4 dxe4 12. dxe4 Bh7 13. Qe2 Qe7 14. Rad1 a5 15.
a4 Bb4 16. e5 Nd5 17. Ne4 Bxe4 18. Qxe4 Nc5 19. Qg4 Rad8 20. Bc1 Kh7 21. Kh2 Nc3 22. Rxd8 Rxd8 23. Nh4 Na2 24. Be3 Bd2 25. Bxc5 Qxc5 26. Be4+ Kh8 27. Nf3 Nc3 28. Bd3 Bg5 29. Nxg5 hxg5 30.
Qxg5 Rd5 31. Qh5+ Kg8 32. Qh7+ Kf8 33. Qh8+ Ke7 34. Qxg7 Rxe5 35. Qg4 Nd5 36. h4 Nf6 37. Qf4 Rd5 38. Qh6 Ng4+ 39. Kg2 Nxh6 40. Re1 f5 41. Re2 Ng4 42. f3 Ne3+ 43. Kh3 Rxd3 44. cxd3 f4 45. g4 Qc3 46. h5 Qxd3 47. Rh2 Kf6 48. Kh4 Qd5 49. Kh3 Qg5 50. Rd2 b5 51. Rd3 bxa4 52.
bxa4 c5 53. Rd8 c4 54. Rf8+ Ke5 55. Rc8 Kd5 56. Rh8 c3 57. h6 c2 58. Rc8 Nc4 59.
h7 Qh6+ 60. Kg2 Qxh7 61. Rd8+ Kc5 62. Rc8+ Kb4 63. Rb8+ Kc3 64. Rc8 c1=Q 65. Rxc4+ Kxc4 66. g5 Qb2+ 67. Kg1 Qhh2+ 68. Kf1 Qhf2# 0-1

[Event "Late-Titled-Tuesday-Blitz-June-18-2024"]
[Site "Chess.com"]
[Date "2024.06.18"]
[Round "10"]
[White "Rsnr"]
[Black "HalfIsCrayfish"]
[Result "0-1"]
[WhiteElo "2860"]
[BlackElo "2580"]
[TimeControl "180+1"]
[EndTime "15:56:59 PDT"]
[Termination "HalfIsCrayfish won on time"]

1. b3 d5 2. Bb2 Nf6 3. e3 Bg4 4.
Be2 Bxe2 5. Qxe2 e6 6. f4 Bd6 7. Nf3 Nbd7 8. O-O c6 9. d3 Qc7 10. Nbd2 O-O-O 11. d4 Ne4 12. Nxe4 dxe4 13. Ne5 Bxe5 14.
fxe5 f5 15. Ba3 c5 16. Rad1 Qa5 17. Bb2 Qxa2 18. Bc3 Qa6 19. Qh5 g6 20. Qh6 Qc6 21. d5 exd5 22. e6 Qxe6 23. Bxh8 Rxh8 24. Qg7 Rg8 25.
Qxh7 Nf6 26. Qh4 g5 27. Qh6 Qe5 28. h3 d4 29. exd4 cxd4 30. Rxf5 Qxf5 31. Rf1 Qe5 32. Rxf6 Re8 33. Rf1 e3 34. Re1 e2 35. Qh5 Qe3+ 36. Kh2 Re7 37. Qg4+ Re6 38. Qf5 a6 39. Kh1 Kd7 40.
Qf7+ Kd6 41. Qf8+ Kd7 42. Qf7+ Kc6 43. Qf5 Qe5 44. Qf3+ Kc7 45. Qf7+ Re7 46. Qf3 a5 47. Kg1 Qe3+ 48. Qxe3 Rxe3 49. Kf2 b5 50. Rxe2 Rxe2+ 51. Kxe2 Kd6 52. Kd3 Kd5 53. g3 a4 54. bxa4 bxa4 55. c3 a3 56. c4+ Kc5 0-1